2780 views
Uploaded 2020-02-23 18:04:54
Game version 1.32 / 1.32.1
22:38 long 1on1 ladder game on (2)TerenasStand_LV
Saved by TALONSARIMBA
2780 views
Uploaded 2020-02-23 18:04:54
Game version 1.32 / 1.32.1
22:38 long 1on1 ladder game on (2)TerenasStand_LV

42 units @ 5.5k
/ 0.2k
13 buildings @ 2.2k
/ 0.7k



| Rod of Necromancy | 1 | 150 |
| Orb of Corruption | 1 | 375 |
| Potion of Healing | 2 | 300 |
| total: | 4 | 825g |
| Acolyte | 2 | 150 | / | 0 |
| Ghoul | 36 | 4320 | / | 0 |
| Obsidian Statue | 2 | 400 | / | 70 |
| Abomination | 1 | 240 | / | 70 |
| Goblin Shredder | 1 | 375 | / | 100 |
| total: | 42 | 5485g | / | 240w |
| Altar of Darkness | 1 | 180 | / | 50 |
| Ziggurat | 6 | 900 | / | 300 |
| Crypt | 3 | 600 | / | 150 |
| Tomb of Relics | 1 | 130 | / | 30 |
| Graveyard | 1 | 215 | / | 0 |
| Slaughterhouse | 1 | 140 | / | 135 |
| Halls of the Dead | 1 | 320 | / | 210 |
| Black Citadel | 1 | 325 | / | 230 |
| total: | 13 | 2165g | / | 665w |
| 0:03 | Acolyte |
| 0:07 | Altar of Darkness |
| 0:09 | Ziggurat |
| 0:23 | Crypt |
| 0:33 | Acolyte |
| 0:58 | Tomb of Relics |
| 1:21 | Ziggurat |
| 1:23 | Ghoul |
| 1:45 | Ghoul |
| 2:03 | Ghoul |
| 2:05 | Rod of Necromancy |
| 2:07 | Frost Nova |
| 2:22 | Crypt |
| 2:23 | Crypt |
| 2:39 | Ghoul |
| 3:06 | Ghoul |
| 3:22 | Ghoul |
| 3:44 | Ghoul |
| 4:06 | Ghoul |
| 4:08 | Halls of the Dead |
| 4:42 | Ziggurat |
| 4:57 | Ghoul |
| 5:11 | Ghoul |
| 5:16 | Dark Ritual |
| 5:24 | Ghoul |
| 5:39 | Ghoul |
| 5:47 | Ghoul |
| 5:52 | Ghoul |
| 6:26 | Ghoul |
| 6:56 | Ghoul |
| 7:15 | Ziggurat |
| 7:41 | Graveyard |
| 8:02 | Ghoul |
| 8:24 | Death Coil |
| 9:02 | Ghoul |
| 9:12 | Slaughterhouse |
| 9:15 | Ghoul |
| 9:48 | Ghoul |
| 10:40 | Ghoul |
| 10:41 | Obsidian Statue |
| 10:56 | Ghoul |
| 11:01 | Frost Nova |
| 11:20 | Ghoul |
| 11:34 | Ghoul |
| 11:58 | Ghoul |
| 12:25 | Obsidian Statue |
| 12:56 | Black Citadel |
| 13:03 | Ghoul |
| 13:18 | Unholy Armor |
| 13:31 | Unholy Aura |
| 13:39 | Ghoul |
| 14:14 | Goblin Shredder |
| 14:23 | Ziggurat |
| 14:45 | Ghoul |
| 15:38 | Ghoul Frenzy |
| 15:46 | Unholy Strength |
| 15:49 | Death Coil |
| 15:53 | Dark Ritual |
| 16:12 | Orb of Corruption |
| 16:35 | Abomination |
| 16:41 | Impale |
| 17:06 | Ghoul |
| 17:19 | Disease Cloud |
| 17:28 | Ziggurat |
| 18:03 | Ghoul |
| 18:03 | Ghoul |
| 18:36 | Potion of Healing |
| 18:58 | Ghoul |
| 19:21 | Ghoul |
| 19:56 | Ghoul |
| 20:17 | Ghoul |
| 20:35 | Ghoul |
| 20:57 | Potion of Healing |
| 22:26 | Unholy Aura |
| Right click | 2070 |
| Select | 755 |
| Select group | 714 |
| Misc. action | 177 |
| Build/train/purchase | 90 |
| Assign group | 66 |
| Use ability | 55 |
| Item give/drop | 3 |
| Esc | 1 |
35 units @ 6.4k
/ 1.1k
14 buildings @ 2.3k
/ 0.7k


| Rod of Necromancy | 2 | 300 |
| Potion of Healing | 5 | 750 |
| Potion of Mana | 2 | 400 |
| Orb of Corruption | 2 | 750 |
| Scroll of Town Portal | 2 | 700 |
| total: | 13 | 2900g |
| Acolyte | 5 | 375 | / | 0 |
| Ghoul | 4 | 480 | / | 0 |
| Crypt Fiend | 17 | 3655 | / | 680 |
| Obsidian Statue | 7 | 1400 | / | 245 |
| Abomination | 2 | 480 | / | 140 |
| total: | 35 | 6390g | / | 1065w |
| Nerubian Tower | 1 | 100 | / | 20 |
| Altar of Darkness | 1 | 180 | / | 50 |
| Ziggurat | 8 | 1200 | / | 400 |
| Crypt | 1 | 200 | / | 50 |
| Tomb of Relics | 1 | 130 | / | 30 |
| Graveyard | 1 | 215 | / | 0 |
| Necropolis | 1 | 225 | / | 0 |
| Slaughterhouse | 1 | 140 | / | 135 |
| Halls of the Dead | 1 | 320 | / | 210 |
| Black Citadel | 1 | 325 | / | 230 |
| total: | 14 | 2290g | / | 665w |
| 0:04 | Acolyte |
| 0:05 | Acolyte |
| 0:07 | Altar of Darkness |
| 0:10 | Ziggurat |
| 0:34 | Crypt |
| 0:54 | Tomb of Relics |
| 1:16 | Graveyard |
| 1:33 | Ziggurat |
| 1:41 | Ghoul |
| 1:41 | Ghoul |
| 1:57 | Ghoul |
| 2:07 | Death Coil |
| 2:09 | Rod of Necromancy |
| 2:41 | Crypt Fiend |
| 3:38 | Ghoul |
| 3:41 | Nerubian Tower |
| 4:09 | Crypt Fiend |
| 4:21 | Halls of the Dead |
| 4:39 | Crypt Fiend |
| 4:59 | Crypt Fiend |
| 5:11 | Crypt Fiend |
| 5:51 | Crypt Fiend |
| 5:58 | Ziggurat |
| 6:16 | Rod of Necromancy |
| 6:37 | Crypt Fiend |
| 6:40 | Ziggurat |
| 6:59 | Unholy Aura |
| 7:13 | Slaughterhouse |
| 7:18 | Ziggurat |
| 8:25 | Potion of Healing |
| 8:26 | Potion of Mana |
| 8:29 | Obsidian Statue |
| 8:35 | Frost Nova |
| 9:01 | Crypt Fiend |
| 9:15 | Obsidian Statue |
| 9:41 | Crypt Fiend |
| 10:40 | Crypt Fiend |
| 10:41 | Obsidian Statue |
| 10:58 | Black Citadel |
| 11:15 | Death Coil |
| 11:33 | Crypt Fiend |
| 11:58 | Frost Armor |
| 12:04 | Crypt Fiend |
| 12:09 | Obsidian Statue |
| 12:57 | Ziggurat |
| 12:58 | Ziggurat |
| 13:02 | Web |
| 13:11 | Potion of Healing |
| 13:17 | Potion of Mana |
| 13:21 | Potion of Healing |
| 13:33 | Destroyer Form |
| 14:07 | Crypt Fiend |
| 14:23 | Orb of Corruption |
| 14:23 | Orb of Corruption |
| 15:00 | Frost Nova |
| 15:25 | Abomination |
| 16:01 | Unholy Aura |
| 16:14 | Abomination |
| 16:30 | Burrow |
| 16:57 | Necropolis |
| 17:57 | Obsidian Statue |
| 18:27 | Frost Armor |
| 18:50 | Acolyte |
| 18:50 | Acolyte |
| 18:50 | Acolyte |
| 18:57 | Scroll of Town Portal |
| 19:18 | Potion of Healing |
| 20:23 | Obsidian Statue |
| 20:23 | Obsidian Statue |
| 20:39 | Death Coil |
| 20:47 | Crypt Fiend |
| 20:55 | Ziggurat |
| 21:13 | Potion of Healing |
| 21:21 | Crypt Fiend |
| 21:53 | Crypt Fiend |
| 21:53 | Crypt Fiend |
| 21:59 | Scroll of Town Portal |
| Select group | 1107 |
| Right click | 893 |
| Select | 697 |
| Build/train/purchase | 90 |
| Assign group | 55 |
| Use ability | 53 |
| Item give/drop | 1 |
| Esc | 1 |
โ